 Dungeon Crawl Stone Soup version 0.31-a0-662-g684573625c (webtiles) character file.

Game seed: 14123763597151978262

16 GordonOverkill the Sneak (level 2, -2/27 HPs)
             Began as an Armataur Delver on Sept 1, 2023.
             Slain by an orc wizard
             ... wielding a +0 dagger
              (3 damage)
             ... on level 4 of the Dungeon.
             The game lasted 00:04:10 (732 turns).

GordonOverkill the Sneak (Armataur Delver)           Turns: 732, Time: 00:04:11

Health: -2/27      AC:  4    Str: 17    XL:     2   Next: 37%
Magic:  2/2        EV:  9    Int: 10    God:
Gold:   34         SH:  0    Dex: 11    Spells: 1/1 levels left

rFire   . . .        a - +0 mace
rCold   . . .        (no shield)
rNeg    . . .        b - +0 leather armour
rPois   .            (no helmet)
rElec   .            (no cloak)
rCorr   .            (no gloves)
SInv    .            (no barding)
Will    .....        (no amulet)
Stlth   +++          (no ring)
HPRegen 0.24/turn    (no ring)
MPRegen 0.08/turn

%: roll
@: lethally poisoned (-2 -> -4)
A: large, rugged brown scales 3, deformed body, armoured tail, roll, long
tongue, awkward tongue
a: no special abilities


You were on level 4 of the Dungeon.
You visited 1 branch of the dungeon, and saw 3 of its levels.

You collected 34 gold pieces.

Inventory:

Hand Weapons
 a - a +0 mace (weapon)
Armour
 b - a +0 leather armour (worn)
 e - a +0 chain mail
Wands
 g - a wand of digging (3)
Scrolls
 c - a scroll of fog


   Skills:
 - Level 3.0 Fighting
 + Level 2.5 Maces & Flails
 - Level 1.3 Dodging
 - Level 5.4 Stealth


You had one spell level left.
You didn't know any spells.
Your spell library contained the following spells:

 Spells                   Type           Power      Damage    Failure   Level
 Blink                    Tloc           0%         N/A       56%         2
 Manifold Assault         Tloc           0%         N/A       99%         4


Dungeon Overview and Level Annotations

Branches:
Dungeon (6/15)             Temple (0/1) D:5

Altars:

Annotations:
D:5 exclusion: 2 orc priests


Innate Abilities, Weirdness & Mutations

You are completely covered in rugged brown scales. (AC +3, +7% HP)
Armour fits poorly on your strangely shaped body.
You have a long armoured tail.
You roll when moving toward enemies. (Rampage)
Your long tongue fully drains potion bottles. (2x potion effects)
Your tongue gives you trouble enunciating. (1.5x scroll delay)


Message History

The hobgoblin hits you but does no damage.
You miss the adder.
The adder is moderately wounded.
You feel sick.
You are no longer poisoned.
The adder bites you.
* * * LOW HITPOINT WARNING * * *
You hear some strange, mumbled words.
Something tries to affect you, but you resist.
The hobgoblin closely misses you. The adder barely misses you.
You miss the adder.
The adder is moderately wounded.
The adder bites you but does no damage. Something hits you but does no damage.
The hobgoblin closely misses you. The adder bites you but does no damage.
The hobgoblin hits you.
* * * LOW HITPOINT WARNING * * *
Something hits you but does no damage.
You closely miss the adder.
Your tail-slap misses the adder.
The adder is moderately wounded.
The adder bites you.
* * * LOW HITPOINT WARNING * * *
You are poisoned.
The adder poisons you! Something hits you.
* * * LOW HITPOINT WARNING * * *
The hobgoblin hits you.
* * * LOW HITPOINT WARNING * * *
You closely miss the adder.
Your tail-slap misses the adder.
The adder is moderately wounded.
* * * LOW HITPOINT WARNING * * *
You feel sick. The adder bites you but does no damage.
Something hits you but does no damage. The adder bites you but does no damage.
The hobgoblin hits you.
* * * LOW HITPOINT WARNING * * *
You barely miss the adder.
Your tail-slap misses the adder.
The adder is moderately wounded.
* * * LOW HITPOINT WARNING * * *
You feel sick. The adder bites you.
* * * LOW HITPOINT WARNING * * *
Something hits you.
You die...

.. !.
#)#h######
#..>.....#
.......>.#
##..###..#
#...o#
#.##S# #.
#@#
......{g#
.#.....o#
#....#.#
#.#....# #
.#.#.# .#.
#.# #. .
..#


You could see an adder, 2 orcs and a hobgoblin.

Vanquished Creatures
  An adder (D:5)
  A dart slug (D:5)
  2 orcs (D:5)
4 creatures vanquished.

Notes
Turn   | Place    | Note
-------+----------+-------------------------------------------
     0 | D:5      | GordonOverkill the Armataur Delver began the quest for the
                  | Orb.
     0 | D:5      | Reached XP level 1. HP: 19/19 MP: 1/1
    57 | D:5      | Noticed a bullfrog
   239 | D:5      | Noticed an iguana
   398 | D:5      | Noticed an orc wizard
   544 | D:5      | Noticed an orc priest
   544 | D:5      | Noticed an orc priest
   569 | D:5      | Noticed a scorpion
   591 | D:5      | Noticed a centaur
   609 | D:5      | Reached XP level 2. HP: 25/27 MP: 2/2
   677 | D:5      | Noticed a howler monkey
   694 | D:4      | Noticed a black bear
   732 | D:4      | HP: 1/27 [adder (1)]
   732 | D:4      | Slain by an orc wizard

Illustrated notes

Levels and vault maps discovered:
D:4:      cheibrodos_old_hovel, layout_loops_cross
D:5:      layout_basic, nicolae_overflow_hallway_of_the_gods,
          minmay_temple_entry_junction, minivault_27,
          nicolae_shop_overcharged_wands
D:6:      layout_loops_corners

Skill      XL: |  1 |
---------------+----+-----
Fighting       | 3 |  3.0
Maces & Flails | 2 |  2.5
Dodging        | |  1.3
Stealth        | |  5.4

Action                     || total
---------------------------++-------
  Melee: Mace              ||    21
         Tailslap          ||     4
    Use: Scroll            ||     3
         Potion            ||     2
 Armour: Leather armour    ||    38
  Dodge: Dodged            ||    12

Table legend: (Time is in decaauts)
 A = Elapsed time spent in this place.
 B = Non-inter-level travel time spent in this place.
 C = Inter-level travel time spent in this place.
 D = Time resting spent in this place.
 E = Time spent auto-exploring this place.
 F = Levels seen in this place.
 G = Mean time per level.
                   A        B        C        D        E       F      G
               +--------+--------+--------+--------+--------+-----+--------+
         Total |    723 |    723 |      0 |    109 |      0 |   3 |  241.0 |
       Dungeon |    723 |    723 |      0 |    109 |      0 |   3 |  241.0 |
               +--------+--------+--------+--------+--------+-----+--------+

Top non-repeatable levels by time:
     D:5: 549 daAuts
     D:6: 156 daAuts
     D:4: 17 daAuts
